 Dungeon Sprint DCSS version 0.27.1-33-g824d729ab1 (webtiles) character file.

Game seed: 9829893158183599837

6739 Adenis the Severer (level 10, -6/148 HPs)
             Began as a Minotaur Berserker on Dec 6, 2021.
             Was a High Priest of Trog.
             Killed from afar by an oklob plant (14 damage)
             ... with a splash of acid
             ... in the Dungeon (Sprint I: "Red Sonja").
             The game lasted 00:04:26 (3225 turns).

Adenis the Severer (Minotaur Berserker)             Turns: 3225, Time: 00:04:27

Health: -6/148     AC: -2    Str: 24    XL:     10   Next: 75%
Magic:  2/2        EV: 12    Int:  0    God:    Trog [*****.]
Gold:   295        SH:  0    Dex:  7    Spells: 9/9 levels left

rFire    . . .     SeeInvis .   n - +1 battleaxe (antimagic)
rCold    + . .     Faith    .   (shield currently unavailable)
rNeg     . . .     Spirit   .   o - +1 scale mail {rC+}
rPois    .         Reflect  .   (helmet restricted)
rElec    .         Harm     .   (no cloak)
rCorr    .         Rampage  .   (no gloves)
Will     .....     Rnd*Rage +   (no boots) Stlth ..........NoTele +
                                (no amulet)
HPRegen  0.00/turn              (no ring)
MPRegen  0.08/turn              (no ring)

@: berserking, corroded, unable to read, inhibited regen, slowed, lost
intelligence
A: horns 2, retaliatory headbutt, berserk 2, clumsy 1, deterioration 2, dopey 2,
frail 1, low mp 3, inhibited regeneration, weak 1, no potion heal 1, subdued
magic 2, inability to read while threatened
a: Renounce Religion, Berserk, Trog's Hand, Brothers in Arms


You were in the Dungeon.
You worshipped Trog.
Trog was extremely pleased with you.
You visited 1 branch You collected 594 gold pieces.
You spent 299 gold pieces at shops.

Inventory:

Hand Weapons
 a - a +0 hand axe
 n - a +1 antimagic battleaxe (weapon)
Armour
 b - a +0 animal skin
 o - a +1 scale mail of cold resistance (worn)
 p - a +0 kite shield
Wands
 i - a wand of flame (16)
 k - a wand of iceblast (7)
Scrolls
 h - a scroll of blinking
 j - 2 scrolls of identify {unknown}
 m - a scroll of immolation {unknown}
Potions
 c - 2 potions of curing
 d - a potion of heal wounds
 e - a potion of haste
 f - 2 potions of magic
 g - a potion of berserk rage
 l - a potion of degeneration {unknown}


   Skills:
 + Level 17.4 Fighting
 + Level 18.3 Axes
 + Level 7.9 Armour
 + Level 10.5 Dodging
 + Level 6.9 Stealth


You had 9 spell levels left.
You didn't know any spells.
Your spell library was empty.

Dungeon Overview and Level Annotations

Branches:
Dungeon (1/1)

Altars:
Cheibriados
Dithmenos
Elyvilon
Fedhas
Gozag
Hepliaklqana
Kikubaaqudgha
Makhleb
Nemelex Xobeh
Okawaru
Qazlal
Ru
Sif Muna
Trog
Uskayaw
Vehumet
Wu Jian
Xom
Yredelemnul
Zin
The Shining One
Jiyva
Lugonu

Shops:
D [*[*!*[

Annotations:
D exclusion: oklob plant


Innate Abilities, Weirdness & Mutations

You have a pair of horns on your head.
You reflexively headbutt those who attack you in melee.
You often lose your temper in combat.
You are clumsy. (Dex -2)
Your body often deteriorates upon taking damage.
You are very dopey. (Int -4)
You are frail. (-10% HP)
Your magical capacity is extremely low. (-30% MP)
You do not regenerate when monsters are visible.
You are weak. (Str -2)
Potions are less effective at restoring your health.
Your spells are easier to cast, but less powerful.
You sometimes lose the ability to read scrolls when taking damage.


Message History

There is an open door here.
There is an open door here.
You see here 4 curare-tipped darts.
There is a shimmering blue altar of Sif Muna here.
There is an open door here.
You enter the shallow water.
Moving in this stuff is going to be slow.
A hornet comes into view.
The hornet moves out of view.
An oklob plant comes into view.
The hornet barely misses you. You furiously retaliate!
You headbutt the hornet!
Marking area around an oklob plant as unsafe for travelling.
There is an open door here.
You slice the hornet!!
You kill the hornet!
Trog accepts your kill. The oklob plant spits acid at you.
The splash of acid hits you! The acid corrodes you!
You are splashed with acid!
You feel threatened and lose the ability to read scrolls!
You see here a hornet corpse.
The oklob plant spits acid at you. The splash of acid hits you!
The acid corrodes you!
You are splashed with acid!
The oklob plant spits acid at you. The splash of acid hits you!
The acid corrodes you!
You are splashed with acid!
* * * LOW HITPOINT WARNING * * *
There is an open door here.
A red film seems to cover your vision as you go berserk!
You feel yourself moving faster!
You feel mighty! The oklob plant spits acid at you.
The splash of acid hits you!
* * * LOW HITPOINT WARNING * * *
The acid corrodes you!
You are splashed with acid!
* * * LOW HITPOINT WARNING * * *
You slash the oklob plant!
The oklob plant is lightly damaged.
You slash the oklob plant!
The oklob plant is moderately damaged.
The oklob plant spits acid at you. The splash of acid hits you!
You die...

############
).#..'..#__#
..').#..'..+
#'#####'#__####
..#...#(####§=####
###..##.#≈≈§§§#.$#
__##'#_.§≈§§.§§†.#
...'..._#≈§§§.#..#
__##_(#'##§#####@#
__###'#.#))).###P'.#
#####.####)###.###.#
...'...'.....'(∩# .#
####...########## #
.####.### ..#.#'#.#
..#.....# ..#.[)(.#


You could see an oklob plant.

Vanquished Creatures
  2 centaur warriors (D)
  Sonja (D)
  A deep troll (D)
  8 shining eyes (D)
  A hornet (D)
  A slime creature (D)
  Sigmund (D)
  A yak (D)
  4 floating eyes (D)
  An ogre (D)
  A jelly (D)
  Ijyb (D)
23 creatures vanquished.

Vanquished Creatures (others)
  2 ballistomycete spores (D)
2 creatures vanquished.

Grand Total: 25 creatures vanquished

Notes
Turn   | Place    | Note
-------+----------+-------------------------------------------
     0 | D        | Adenis the Minotaur Berserker began the quest for the Orb.
     0 | D        | Reached XP level 1. HP: 19/19 MP: 0/0
     2 | D        | Noticed Ijyb
    13 | D        | Killed Ijyb
    14 | D        | Reached skill level 5 in Fighting
    14 | D        | Reached skill level 5 in Axes
    14 | D        | Reached XP level 2. HP: 11/29 MP: 1/1
   379 | D        | Noticed an ogre
   383 | D        | Killed an ogre
   384 | D        | Reached skill level 7 in Axes
   384 | D        | Reached XP level 3. HP: 39/39 MP: 2/2
   384 | D        | Reached XP level 4. HP: 47/47 MP: 3/3
   413 | D        | Noticed Sigmund
   426 | D        | Killed Sigmund
   426 | D        | Reached ** piety under Trog
   427 | D        | Reached skill level 10 in Axes
   427 | D        | Reached skill level 5 in Armour
   427 | D        | Reached skill level 5 in Dodging
   427 | D        | Reached XP level 5. HP: 33/57 MP: 4/4
   655 | D        | Found a burning altar of Makhleb.
   655 | D        | Found a viscous altar of Jiyva.
   655 | D        | Found a shimmering altar of Xom.
   655 | D        | Found a corrupted altar of Lugonu.
   655 | D        | Noticed a slime creature
   664 | D        | Killed a slime creature
   665 | D        | Reached skill level 10 in Fighting
   665 | D        | Reached skill level 11 in Axes
   665 | D        | Reached skill level 1 in Stealth
   665 | D        | Reached XP level 6. HP: 67/67 MP: 5/5
   829 | D        | Found an ornate altar of the Wu Jian Council.
   829 | D        | Found a shimmering blue altar of Sif Muna.
   831 | D        | Found a radiant altar of Vehumet.
   947 | D        | Found Bywam's General Store.
   947 | D        | Found an ancient bone altar of Kikubaaqudgha.
   947 | D        | Found a hazy altar of Hepliaklqana.
   947 | D        | Found a stormy altar of Qazlal.
   947 | D        | Found a hide-covered altar of Uskayaw.
   947 | D        | Found a blossoming altar of Fedhas.
   947 | D        | Found a bloodstained altar of Trog.
   947 | D        | Found an iron altar of Okawaru.
   947 | D        | Found a basalt altar of Yredelemnul.
   947 | D        | Found a glowing golden altar of the Shining One.
   947 | D        | Found a snail-covered altar of Cheibriados.
   947 | D        | Found a sacrificial altar of Ru.
   947 | D        | Found a glowing silver altar of Zin.
   947 | D        | Found a shadowy altar of Dithmenos.
   947 | D        | Found a white marble altar of Elyvilon.
   947 | D        | Noticed a yak
   948 | D        | Found an opulent altar of Gozag.
   955 | D        | Killed a yak
   956 | D        | Reached skill level 12 in Axes
   956 | D        | Reached XP level 7. HP: 74/74 MP: 6/6
   997 | D        | Found a sparkling altar of Nemelex Xobeh.
  1049 | D        | Noticed a centaur warrior
  1051 | D        | Noticed a centaur warrior
  1070 | D        | Killed a centaur warrior
  1070 | D        | Reached *** piety under Trog
  1071 | D        | Reached skill level 14 in Axes
  1071 | D        | Reached XP level 8. HP: 50/85 MP: 7/7
  1177 | D        | Noticed a deep troll
  1182 | D        | Killed a centaur warrior
  1183 | D        | Reached skill level 15 in Axes
  1190 | D        | Killed a deep troll
  1191 | D        | Reached XP level 9. HP: 27/96 MP: 8/8
  1481 | D        | Noticed Sonja
  1718 | D        | Killed Sonja
  1718 | D        | Reached **** piety under Trog
  1719 | D        | Reached skill level 15 in Fighting
  1719 | D        | Reached skill level 16 in Axes
  2149 | D        | Found Cachoeh's Antique Armour Boutique.
  2149 | D        | Noticed a shining eye
  2149 | D        | Noticed a shining eye
  2150 | D        | Noticed a shining eye
  2151 | D        | Noticed a shining eye
  2151 | D        | Noticed a shining eye
  2151 | D        | Noticed a shining eye
  2154 | D        | Paralysed by a floating eye for 2 turns
  2159 | D        | Paralysed by a floating eye for 2 turns
  2162 | D        | Gained mutation: Potions are less effective at restoring
                  | your health. [a shining eye]
  2166 | D        | Gained mutation: You are frail. (-10% HP) [a shining eye]
  2168 | D        | Killed a shining eye
  2169 | D        | Reached skill level 5 in Stealth
  2169 | D        | Gained mutation: You are dopey. (Int -2) [a shining eye]
  2173 | D        | Killed a shining eye
  2174 | D        | Reached XP level 10. HP: 96/96 MP: 9/9
  2180 | D        | Killed a shining eye
  2180 | D        | Reached ***** piety under Trog
  2180 | D        | Gained mutation: Your body sometimes deteriorates upon
                  | taking damage. [a shining eye]
  2181 | D        | Reached skill level 17 in Axes
  2185 | D        | Gained mutation: You do not regenerate when monsters are
                  | visible. [a shining eye]
  2730 | D        | Gained mutation: You sometimes lose the ability to read
                  | scrolls when taking damage. [a shining eye]
  2737 | D        | Gained mutation: You tend to lose your temper in combat. [a
                  | shining eye]
  2740 | D        | Killed a shining eye
  2740 | D        | Gained mutation: Your magical capacity is low. (-10% MP) [a
                  | shining eye]
  2743 | D        | Killed a shining eye
  2744 | D        | Reached skill level 10 in Dodging
  3057 | D        | Found Puhetu's Armour Emporium.
  3080 | D        | Paralysed by a floating eye for 2 turns
  3084 | D        | Noticed a shining eye
  3084 | D        | Noticed a shining eye
  3084 | D        | Paralysed by a floating eye for 2 turns
  3086 | D        | Gained mutation: Your magical capacity is very low. (-20%
                  | MP) [a shining eye]
  3088 | D        | Received a gift from Trog
  3093 | D        | Gained mutation: You are weak. (Str -2) [a shining eye]
  3096 | D        | Gained mutation: Your magical capacity is extremely low.
                  | (-30% MP) [a shining eye]
  3099 | D        | Lost intelligence.
  3099 | D        | Gained mutation: You are very dopey. (Int -4) [a shining
                  | eye]
  3104 | D        | Killed a shining eye
  3109 | D        | Gained mutation: You are clumsy. (Dex -2) [a shining eye]
  3111 | D        | Gained mutation: Your body often deteriorates upon taking
                  | damage. [a shining eye]
  3113 | D        | Killed a shining eye
  3117 | D        | Gained mutation: Your spells are a little easier to cast,
                  | but a little less powerful. [a shining eye]
  3118 | D        | Reached skill level 18 in Axes
  3121 | D        | Gained mutation: Your spells are easier to cast, but less
                  | powerful. [a shining eye]
  3122 | D        | Gained mutation: You often lose your temper in combat. [a
                  | shining eye]
  3124 | D        | Killed a shining eye
  3139 | D        | Bought a shiny scale mail for 182 gold pieces
  3139 | D        | Bought a kite shield for 117 gold pieces
  3161 | D        | Found Ciuwog's General Store.
  3161 | D        | Found Qasih's Distillery.
  3161 | D        | Found Bon Toux's Antique Armour Emporium.
  3161 | D        | Found Vot Huy's Assorted Antiques.
  3218 | D        | Noticed an oklob plant
  3225 | D        | Killed from afar by an oklob plant

Illustrated notes

Levels and vault maps discovered:
D:        dungeon_sprint_1 [red_sonja_temple_1, red_sonja_temple_small_1]

Skill      XL: |  1  2  3  4  5  6  7  8  9 10 |
---------------+-------------------------------+-----
Fighting       | 5 7 9 10 11 12 14 15 17 | 17.4
Axes           | 5 7 10 11 12 14 15 16 18 | 18.3
Armour         | 3 4 5 6 7 |  7.9
Dodging        | 3 4 5 6 7 8 9 10 | 10.5
Stealth        | 1 2 3 4 5 6 |  6.9

Action                   |  1- 3 |  4- 6 |  7- 9 | 10-12 || total
-------------------------+-------+-------+-------+-------++-------
Melee: Hand axe          |    11 |    23 |    39 |    25 ||    98
       Headbutt          |     1 |     4 |    12 |    10 ||    27
       Battleaxe         |       |       |       |    13 ||    13
Invok: Berserk           |     2 |     3 |     4 |     1 ||    10
  Use: Potion            |       |       |     1 |       ||     1
 Stab: Sleeping          |       |     2 |     1 |       ||     3
Armor: Animal skin       |       |       |     1 |       ||     1
Dodge: Dodged            |     2 |     8 |    12 |     1 ||    23
